 Dungeon Crawl Stone Soup version 0.28.0-1-gb440e238dd (webtiles) character file.

Game seed: 13444944835141950745

2058 croobank the Chiller (level 9, -3/47 HPs)
             Began as a Gargoyle Earth Elementalist on Feb 24, 2022.
             Was an Initiate of Hepliaklqana.
             Slain by a wolf (6 damage)
             ... led by Grum
             ... on level 8 of the Dungeon.
             The game lasted 00:36:54 (8439 turns).

croobank the Chiller (Gargoyle Earth Elementalist)  Turns: 8439, Time: 00:36:56

Health: -3/47      AC:  9    Str: 20    XL:     9   Next: 25%
Magic:  16/18      EV: 12    Int: 24    God:    Hepliaklqana [......]
Gold:   336        SH:  0    Dex: 12    Spells: 4/20 levels left

rFire   . . .      SeeInvis .   w - +0 hand axe
rCold   . . .      Faith    .   (no shield)
rNeg    + . .      Spirit   .   e - +1 robe "Soritaom" {Harm Regen+ Dex+2}
rPois   ∞          Reflect  .   (no helmet)
rElec   +          Harm     +   (no cloak)
rCorr   .          Rampage  .   (no gloves)
Will    .....                   (no boots)
Stlth   ++........              (no amulet)
HPRegen 0.95/turn               m - +6 ring of strength
MPRegen 0.16/turn               q - +6 ring of intelligence

@: about to teleport
A: sickness immunity, AC +6, negative energy resistance 1, electricity
resistance, torment resistance 1, petrification resistance
a: Renounce Religion


You were on level 8 of the Dungeon.
You worshipped Hepliaklqana.
Hepliaklqana was noncommittal.
You visited 2 branches of the dungeon, and saw 9 of its levels.
You also visited: Sewer.

You collected 380 gold pieces.
You spent 44 gold pieces at shops.

Inventory:

Hand Weapons
 a - a +0 spear
 b - a +0 hunting sling
 d - a +0 dagger
 g - a +1 antimagic halberd
 h - a +0 mace
 t - a +4 antimagic dagger
 w - a +0 hand axe (weapon)
 x - a +0 long sword
 G - a +1 antimagic short sword
Missiles
 c - 254 stones
 j - 7 poisoned darts
 p - 53 sling bullets
 u - a curare-tipped dart
 v - 122 arrows
 B - 3 throwing nets
 J - 19 bolts
Armour
 e - the +1 robe "Soritaom" (worn) {Harm Regen+ Dex+2}
   (You found it on level 3 of the Dungeon)

   Dex:       It affects your dexterity (+2).
   Regen:     It increases your rate of health regeneration.
   Harm:      It increases damage dealt and taken.
 i - a +1 robe of willpower
 k - the +0 chain mail of Theory {-Tele Harm rC++ Will+}
   (You found it on level 2 of the Dungeon)

   rC:        It greatly protects you from cold.
   -Tele:     It prevents most forms of teleportation.
   Harm:      It increases damage dealt and taken.
   Will:      It increases your willpower.
 o - a +0 robe
 z - a +0 plate armour
Jewellery
 m - a +6 ring of strength (left hand)
 q - a +6 ring of intelligence (right hand)
 H - a ring of positive energy
Wands
 A - a wand of polymorph (3)
Scrolls
 f - 2 scrolls of immolation
 r - a scroll of teleportation
 y - a scroll of holy word {unknown}
 F - a scroll of identify
Potions
 l - a potion of attraction {unknown}
 n - a potion of resistance {unknown}
 s - a potion of experience {unknown}
 C - a potion of degeneration {unknown}
 D - a potion of cancellation {unknown}
 E - a potion of ambrosia {unknown}
 I - a potion of magic
 K - 2 potions of mutation
 L - a potion of curing {unknown}


   Skills:
 + Level 1.5 Fighting
 + Level 1.2 Axes
 + Level 1.5 Armour
 + Level 3.1 Dodging
 - Level 4.1 Stealth
 - Level 6.0 Spellcasting
 - Level 2.3 Transmutations
 - Level 7.4 Ice Magic
 - Level 4.9 Earth Magic


You had 4 spell levels left.
You knew the following spells:

 Your Spells              Type           Power      Damage    Failure   Level
a - Sandblast             Erth           62%        2d14      1%          1
b - Stone Arrow           Conj/Erth      38%        3d9       9%          3
c - Static Discharge      Conj/Air       7%         N/A       12%         2
d - Hailstorm             Conj/Ice       25%        3d7       17%         4
e - Ozocubu's Armour      Ice            42%        N/A       1%          3
f - Frozen Ramparts       Ice            84%        1d10      1%          3

Your spell library contained the following spells:

 Spells                   Type           Power      Damage    Failure   Level
 Freeze                   Ice            100%       1d11      1%          1
 Passwall                 Tmut/Erth      20%        N/A       2%          2
 Petrify                  Tmut/Erth      24%        N/A       17%         4
 Inner Flame              Hex/Fire       7%         N/A       24%         3
 Passage of Golubria      Tloc           7%         N/A       61%         4
 Metabolic Englaciation   Hex/Ice        12%        N/A       43%         5
 Freezing Cloud           Conj/Ice/Air   9%         6-21      63%         5
 Silence                  Hex/Air        3%         N/A       91%         5
 Simulacrum               Ice/Necr       12%        N/A       95%         6
 Starburst                Conj/Fire      3%         6d3       100%        6
 Lehudib's Crystal Spear  Conj/Erth      9%         10d4      100%        8


Dungeon Overview and Level Annotations

Branches:
Dungeon (8/15)             Temple (1/1) D:7           Sewer (visited)
   Lair: D:8-11

Altars:
Ashenzari
Cheibriados
Dithmenos
Hepliaklqana
Kikubaaqudgha
Makhleb
Nemelex Xobeh
Okawaru
Qazlal
Ru
Trog
Vehumet
Wu Jian
Xom
Yredelemnul
Zin
The Shining One

Shops:
D:2 !

Portals:
Abyss: D:5

Annotations:
D:5 2 transporters, JuniperTheExplorer's ghost, novice NaFi
D:8 Grum


Innate Abilities, Weirdness & Mutations

You are immune to sickness and miasma.
Your stone body is resilient. (AC +6)
You are immune to poison.
You resist negative energy. (rN+)
You are resistant to electric shocks. (rElec)
You are resistant to unholy torment.
You are immune to petrification.


Message History

Casting: Frozen Ramparts (safe; 1% risk of failure)
Press: ? - help, Dir - look around, f - activate
Okay, then.
Casting: Frozen Ramparts (safe; 1% risk of failure)
Confirm with . or Enter, or press ? or * to list all spells.
Aiming: Stone Arrow (dangerous; 9% risk of failure)
Press: ? - help, Shift-Dir - straight line, f - wolf
Aim: a wolf (lightly wounded, 48% to hit)
The stone arrow hits the wolf!
The wolf is severely wounded.
The wolf closely misses you. The wolf barely misses you. The wolf bites you!
You hit the wolf but do no damage.
The wolf is severely wounded.
You hit the wolf. The wolf completely misses you. The wolf barely misses you.
The wolf bites you but does no damage. x2
You hit the wolf but do no damage.
The wolf is severely wounded.
You barely miss the wolf. The wolf barely misses you. x2
Grum shouts, "Rex!
Good boy!"
The wolf completely misses you. The wolf misses you.
Grum hits you from afar with a -2 vampiric spear!
You hit the wolf but do no damage.
The wolf is severely wounded.
You hit the wolf. The wolf closely misses you. The wolf bites you.
The wolf completely misses you. The wolf barely misses you.
Grum hits you from afar with a -2 vampiric spear.
You barely miss the wolf.
The wolf is severely wounded.
You miss the wolf. The wolf bites you but does no damage. The wolf bites you.
The wolf misses you. The wolf bites you but does no damage. Grum misses you.
Okay, then.
As you read the scroll of teleportation, it crumbles to dust.
You feel strangely unstable. The wolf bites you.
The wolf bites you but does no damage. The wolf bites you. x2
Grum hits you from afar with a -2 vampiric spear!
* * * LOW HITPOINT WARNING * * *
You hit the wolf.
The wolf is almost dead.
You miss the wolf. The wolf bites you but does no damage. The wolf bites you.
You die...

+.......# ####.
#.......# #.##.
######.......# #....
+..........(.# #.###
#....###########.# #
#....'...........###
#....#############..
#.h..# #.# #.h@.#
#.# #g#### #.# ...
#.# ..... #.# ......
#<# ...g. ### ...#


You could see Grum and 2 wolves.

Vanquished Creatures
  A water moccasin (D:6)
  A sky beast (D:6)
  A necrophage (D:6)
  A centaur (D:7)
  An ogre (D:5)
  2 kobold brigands (Sewer)
  A phantom (D:4)
  2 scorpions
  6 killer bees (D:7)
  A water moccasin skeleton (D:5)
  2 howler monkeys (D:7)
  A bullfrog zombie (D:6)
  A centaur zombie (D:6)
  2 bullfrog skeletons (D:6)
  A gnoll shaman (D:5)
  2 hounds (D:6)
  5 iguanas
  6 orc wizards
  A howler monkey zombie (D:6)
  10 gnolls
  2 howler monkey skeletons
  10 adders
  3 river rats (Sewer)
  3 white imps
  An ufetubus (D:6)
  3 adder skeletons (D:4)
  A worm (D:3)
  5 dart slugs
  9 orcs
  5 bats
  4 endoplasms
  8 giant cockroaches
  10 goblins
  8 hobgoblins
  13 jackals
  4 quokkas
  6 ball pythons
  9 frilled lizards
  11 kobolds
  12 rats
175 creatures vanquished.

Vanquished Creatures (others)
  6 plants (Sewer)
6 creatures vanquished.

Grand Total: 181 creatures vanquished

Notes
Turn   | Place    | Note
-------+----------+-------------------------------------------
     0 | D:1      | croobank the Gargoyle Earth Elementalist began the quest
                  | for the Orb.
     0 | D:1      | Reached XP level 1. HP: 10/10 MP: 3/3
   121 | D:1      | Reached skill level 1 in Transmutations
   121 | D:1      | Reached XP level 2. HP: 11/15 MP: 1/5
   540 | D:1      | Got Kahauple's Disquisition on Combat Magic and the Blaze
   566 | D:1      | Reached XP level 3. HP: 18/19 MP: 6/6
   831 | D:1      | Learned a level 3 spell: Stone Arrow
   834 | D:1      | Learned a level 2 spell: Static Discharge
  1190 | D:2      | Found Jalebidy's Distillery.
  1208 | D:2      | Bought a potion of might for 44 gold pieces
  1242 | D:2      | Identified the +0 chain mail of Theory {-Tele Harm rC++
                  | Will+}
  1369 | D:2      | Found a faded altar of an unknown god.
  1597 | D:2      | Reached XP level 4. HP: 24/24 MP: 2/7
  1874 | D:2      | Found a shimmering altar of Xom.
  1977 | D:3      | Identified the +1 robe "Soritaom" {Harm Regen+ Dex+2}
  2239 | D:3      | Found a glowing drain.
  2272 | Sewer    | Entered a sewer
  2333 | Sewer    | Noticed a kobold brigand
  2347 | Sewer    | Killed a kobold brigand
  2348 | Sewer    | Reached XP level 5. HP: 28/28 MP: 3/9
  2411 | Sewer    | Noticed a kobold brigand
  2430 | Sewer    | Killed a kobold brigand
  2431 | Sewer    | Reached XP level 6. HP: 10/32 MP: 5/10
  3300 | D:3      | Learned a level 4 spell: Hailstorm
  3331 | D:3      | Found a sacrificial altar of Ru.
  3682 | D:3      | Reached skill level 1 in Ice Magic
  4127 | D:4      | Reached skill level 2 in Ice Magic
  4228 | D:4      | Reached skill level 3 in Ice Magic
  4228 | D:4      | Reached XP level 7. HP: 23/36 MP: 7/11
  4614 | D:4      | Reached skill level 4 in Ice Magic
  4732 | D:4      | Found a bloodstained altar of Trog.
  5015 | D:4      | Found a radiant altar of Vehumet.
  5213 | D:5      | Entered Level 5 of the Dungeon
  5451 | D:5      | Found a transporter.
  5521 | D:5      | Found a one-way gate to the infinite horrors of the Abyss.
  5521 | D:5      | Noticed JuniperTheExplorer's ghost (novice NaFi)
  5537 | D:5      | Found a transporter.
  5545 | D:5      | Reached skill level 5 in Ice Magic
  5613 | D:5      | Noticed a small abomination
  5679 | D:5      | Reached XP level 8. HP: 41/41 MP: 0/13
  6275 | D:6      | Reached skill level 6 in Ice Magic
  6488 | D:6      | Reached skill level 5 in Spellcasting
  6793 | D:6      | Reached skill level 7 in Ice Magic
  6868 | D:6      | Found a sparkling altar of Nemelex Xobeh.
  7283 | D:7      | Reached XP level 9. HP: 29/45 MP: 10/17
  7560 | D:7      | Learned a level 3 spell: Ozocubu's Armour
  7564 | D:7      | Learned a level 3 spell: Frozen Ramparts
  7832 | D:7      | Reached skill level 1 in Fighting
  7832 | D:7      | Reached skill level 1 in Axes
  7832 | D:7      | Reached skill level 1 in Armour
  7890 | D:7      | Found a staircase to the Ecumenical Temple.
  7896 | Temple   | Entered the Ecumenical Temple
  7905 | Temple   | Became a worshipper of Hepliaklqana the Forgotten
  8429 | D:8      | Noticed Grum
  8438 | D:8      | HP: 2/47 [Grum (13)]
  8439 | D:8      | Slain by a wolf

Illustrated notes

Levels and vault maps discovered:
D:1:      giann_wishing_wells, layout_basic
D:2:      layout_basic, basic_altar, ebering_ecumenical_altar_sacrificial,
          serial_shops, shop, minivault_26, hangedman_feature_mirror,
          eino_tiny_chamber
D:3:      minmay_inner_zag, layout_loops_ring,
          mainiacjoe_overflow_concentric_impassable, portal_sewer_entry_f
D:4:      layout_basic, trog_antimagical, kennysheep_little_box
D:5:      layout_gridville, gammafunk_ghost_abyssal_escape
D:6:      layout_loops_corners, mainiacjoe_overflow_alcove_1
D:7:      layout_loops_corners, minmay_temple_entry_hall,
          hangedman_decor_peaks_small
D:8:      layout_basic, serial_glass, glass_columns_a, glass_columns_b,
          item_on_display_a, due_unseen_surprise, minivault_19, uniq_grum
Temple:   nicolae_temple_x_marks_the_god

Skill      XL: |  1  2  3  4  5  6  7  8  9 |
---------------+----------------------------+-----
Transmutations | 1 2 |  2.3
Earth Magic    | 4 |  4.9
Dodging        | 2 3 |  3.1
Stealth        | 3 4 |  4.1
Spellcasting   | 3 5 6 |  6.0
Ice Magic      | 3 5 7 |  7.4
Fighting       | 1 |  1.5
Axes           | 1 |  1.2
Armour         | 1 |  1.5

Action                   |  1- 3 |  4- 6 |  7- 9 || total
-------------------------+-------+-------+-------++-------
Melee: Unarmed           |    13 |       |       ||    13
       Spear             |    86 |   461 |    82 ||   629
       Punch             |       |     4 |     4 ||     8
       Dagger            |       |       |    47 ||    47
       Hand axe          |       |       |   220 ||   220
 Cast: Sandblast         |    21 |    21 |    34 ||    76
       Stone Arrow       |     1 |     2 |    12 ||    15
       Static Discharge  |     1 |       |     4 ||     5
       Hailstorm         |       |       |     7 ||     7
       Ozocubu's Armour  |       |       |     1 ||     1
       Frozen Ramparts   |       |       |     1 ||     1
  Use: Scroll            |     3 |     4 |     8 ||    15
       Potion            |       |     1 |     3 ||     4
 Stab: Sleeping          |     7 |     6 |     4 ||    17
Armor: Robe              |    30 |   158 |   174 ||   362
Dodge: Dodged            |    55 |   298 |   283 ||   636
